 Dungeon Crawl Stone Soup version 0.25.0-15-gac7dcb8919 (webtiles) character file.

Game seed: 16443398826100698261

2069 sking99 the Tainter (level 9, -4/62 HPs)
             Began as an Octopode Venom Mage on June 28, 2020.
             Was a Follower of Vehumet.
             Blown up by Maggie (28 damage)
             ... with a disintegration bolt
             ... on level 7 of the Dungeon.
             The game lasted 00:27:28 (9961 turns).

sking99 the Tainter (Octopode Venom Mage)           Turns: 9961, Time: 00:27:29

Health: -4/62      AC:  1    Str:  7    XL:     9   Next: 26%
Magic:  4/15       EV: 14    Int: 20    God:    Vehumet [*.....]
Gold:   302        SH:  0    Dex: 13    Spells: 3/17 levels left

rFire    . . .     SeeInvis +   y - +2 whip (elec)
rCold    . . .     Gourm    .   (no shield)
rNeg     . . .     Faith    .   (helmet restricted)
rPois    .         Spirit   .   w - amulet "Xaliss" {RegenMP SInv}
rElec    .         Reflect  .   (no ring)
rCorr    .         Harm     .   (no ring)
MR       .....                  (no ring)
Stlth    +++.......             (no ring)
HPRegen  0.20/turn              (no ring)
MPRegen  0.39/turn              (no ring)
                                (no ring)
                                (no ring)

@: mesmerised
A: almost no armour, stealthy swim, amphibious, 8 rings, constrict 8, camouflage
1, gelatinous body 1
a: Renounce Religion


You were on level 7 of the Dungeon.
You worshipped Vehumet.
Vehumet was aware of your devotion.
You were not hungry.

You visited 2 branches of the dungeon, and saw 8 of its levels.

You collected 332 gold pieces.
You spent 30 gold pieces at shops.

Inventory:

Hand Weapons
 y - a +2 whip of electrocution (weapon)
Jewellery
 w - the amulet "Xaliss" (around mantle) {RegenMP SInv}
   (You found it on level 5 of the Dungeon)

   [amulet of magic regeneration]

   It increases your magic regeneration.
   It lets you see invisible.
Wands
 e - a wand of flame (15)
 u - a wand of paralysis (12)
Scrolls
 c - 4 scrolls of identify
 d - a scroll of immolation
 g - 2 scrolls of fog {unknown}
 k - 2 scrolls of enchant armour {unknown}
 n - 3 scrolls of remove curse
 o - 2 scrolls of enchant weapon
 p - 2 scrolls of teleportation
 r - a scroll of random uselessness {unknown}
 s - a scroll of magic mapping {unknown}
 t - a scroll of noise {unknown}
 x - a scroll of blinking {unknown}
 A - a scroll of fear
Potions
 a - 2 potions of resistance
 f - a potion of magic {unknown}
 h - 3 potions of curing {unknown}
 i - 5 potions of flight
 j - a potion of cancellation {unknown}
 l - a potion of heal wounds {unknown}
 m - a potion of brilliance {unknown}
 q - 2 potions of degeneration {unknown}
 v - a potion of berserk rage {unknown}
Comestibles
 b - 9 rations


   Skills:
 + Level 5.7 Fighting
 + Level 3.7 Dodging
 - Level 2.6 Stealth
 + Level 4.6 Spellcasting
 - Level 3.0 Conjurations
 - Level 2.0 Transmutations
 - Level 2.0 Fire Magic
 - Level 2.0 Air Magic
 - Level 9.2 Poison Magic


You had 3 spell levels left.
You knew the following spells:

 Your Spells              Type           Power        Failure   Level  Hunger
a - Sting                 Tmut/Pois      ####         1%          1    None
b - Magic Dart            Conj           ###.         3%          1    None
c - Poisonous Vapours     Pois/Air       ####..       1%          2    #......
d - Olgreb's Toxic Radia  Pois           #####...     2%          4    ####...
e - Ignite Poison         Fire/Tmut/Pois ###.....     6%          3    ##.....
z - Mephitic Cloud        Conj/Pois/Air  ###.....     5%          3    ##.....

Your spell library contained the following spells:

 Spells                   Type           Power        Failure   Level  Hunger


Dungeon Overview and Level Annotations

Branches:
Dungeon (7/15)             Temple (1/1) D:4

Altars:
Ashenzari
Cheibriados
Dithmenos
Elyvilon
Fedhas
Gozag
Hepliaklqana
Kikubaaqudgha
Makhleb
Nemelex Xobeh
Okawaru
Qazlal
Ru
Sif Muna
Trog
Uskayaw
Vehumet
Wu Jian
Xom
Yredelemnul
Zin
The Shining One

Shops:
D:4 ?

Annotations:
D:5 , 2 transporters
D:7 Maggie


Innate Abilities, Weirdness & Mutations

You cannot wear most types of armour.
You are very stealthy in the water. (Stealth+)
You are amphibious.
You can wear up to eight rings at the same time.
You can use your tentacles to constrict eight enemies at once.
Your skin changes colour to match your surroundings (Stealth+).
Your rubbery body absorbs attacks. (AC +1, EV +1)


Message History

The stinking cloud engulfs Maggie but does no damage.
Maggie is moderately wounded.
Maggie zaps a wand.
You are blasted!
Ouch! That really hurt!
Casting: Mephitic Cloud (dangerous; 5% risk of failure)
Confirm with . or Enter, or press ? or * to list all spells.
You ignite the poison in your surroundings!
Maggie is engulfed in blazing flames.
You hit Maggie but do no damage. Your grab misses Maggie.
Maggie is moderately wounded.
Maggie is engulfed in blazing flames.
Maggie hits you with a +0 morningstar.
Casting: Ignite Poison (dangerous; 6% risk of failure)
Confirm with . or Enter, or press ? or * to list all spells.
Aiming: Magic Dart (safe; 3% risk of failure)
Press: ? - help, Shift-Dir - straight line, f/p - Maggie
Aim: Maggie, wielding a +0 morningstar, wearing +0 swamp dragon scales and carrying a wand of disintegration (13) (flame, heavily wounded, mesmerising)
The magic dart hits Maggie but does no damage.
Maggie is heavily wounded.
Maggie is engulfed in blazing flames.
Maggie zaps a wand.
You are blasted!
You die...

########### #.........#
#.#.#..##.# #.####.####
#.####.#######
#.#....##....#
#.#.#####.##.####
.########.#.#####.##..#..
......○@@.#......^###...#
.####################.#.#
#.......#...........#÷#
#.#####.#.#########.#.#
####.#####.#.# ..#.#
########....##....#.#
..#.#
......#..#####.####.#
#.##.#
#####...######.####.#####
#. #.#
#.....#.#.<.#.###.......#
.. #.#


You could see Maggie (mesmerising).

Vanquished Creatures
  Sigmund (D:5)
  A sky beast (D:5)
  A black bear (D:6)
  An ice beast (D:6)
  3 ogres
  2 centaurs
  2 bullfrogs (D:6)
  2 scorpions
  2 jellies (D:6)
  3 crimson imps
  4 hounds
  3 orc priests
  4 orc wizards
  A bullfrog skeleton (D:5)
  2 centaur skeletons (D:4)
  Crazy Yiuf (D:5)
  3 iguanas
  2 worker ants
  A hound skeleton (D:6)
  12 adders
  3 gnolls (D:3)
  2 oozes
  An adder skeleton (D:4)
  3 worms
  2 dart slugs (D:1)
  5 leopard geckos
  17 orcs
  A ball python (D:3)
  7 giant cockroaches
  5 goblins
  10 hobgoblins
  8 jackals
  6 kobolds
  4 quokkas
  8 bats
  7 frilled lizards
  A leopard gecko skeleton (D:4)
  A quokka skeleton (D:4)
  3 rats
145 creatures vanquished.

Notes
Turn   | Place    | Note
-------+----------+-------------------------------------------
     0 | D:1      | sking99 the Octopode Venom Mage began the quest for the
                  | Orb.
     0 | D:1      | Reached XP level 1. HP: 11/11 MP: 3/3
   438 | D:1      | Reached XP level 2. HP: 18/18 MP: 1/5
   446 | D:1      | Learned a level 2 spell: Poisonous Vapours
  1047 | D:1      | You fall into a shaft and drop 1 floor!
  1204 | D:2      | Reached skill level 1 in Fighting
  1324 | D:2      | Reached XP level 3. HP: 23/23 MP: 3/6
  1332 | D:2      | Reached skill level 4 in Poison Magic
  2244 | D:2      | Learned a level 3 spell: Mephitic Cloud
  2260 | D:2      | Reached skill level 1 in Air Magic
  2260 | D:2      | Reached XP level 4. HP: 15/28 MP: 0/7
  2910 | D:3      | Found a stormy altar of Qazlal.
  3237 | D:3      | Reached XP level 5. HP: 34/34 MP: 0/8
  3946 | D:3      | Reached skill level 1 in Conjurations
  4613 | D:3      | Reached XP level 6. HP: 33/40 MP: 3/9
  4920 | D:3      | Reached skill level 5 in Poison Magic
  5403 | D:4      | Reached XP level 7. HP: 44/45 MP: 0/11
  5548 | D:4      | Found a staircase to the Ecumenical Temple.
  5561 | D:4      | Found Kir Joud's Magic Scroll Shop.
  5572 | D:4      | Bought a scroll of remove curse for 30 gold pieces
  5579 | Temple   | Entered the Ecumenical Temple
  5963 | Temple   | Became a worshipper of Vehumet
  6203 | D:4      | Reached skill level 6 in Poison Magic
  6224 | D:4      | Learned a level 3 spell: Ignite Poison
  6519 | D:5      | Entered Level 5 of the Dungeon
  6521 | D:5      | Noticed Sigmund
  6529 | D:5      | Killed Sigmund
  6536 | D:5      | Found a sparkling altar of Nemelex Xobeh.
  6636 | D:5      | Reached skill level 1 in Fire Magic
  6661 | D:5      | Found a runed translucent door.
  6662 | D:5      | Noticed Crazy Yiuf
  6808 | D:5      | Reached XP level 8. HP: 53/53 MP: 0/13
  6979 | D:5      | Reached skill level 7 in Poison Magic
  7090 | D:5      | Found a transporter.
  7103 | D:5      | Got a flickering crystal amulet
  7119 | D:5      | Identified the amulet "Xaliss" {RegenMP SInv} (You found it
                  | on level 5 of the Dungeon)
  7375 | D:5      | Reached * piety under Vehumet
  7375 | D:5      | Offered knowledge of Magic Dart by Vehumet.
  7401 | D:5      | Learned a level 1 spell: Magic Dart
  7557 | D:5      | Found a transporter.
  7789 | D:5      | Killed Crazy Yiuf
  8233 | D:6      | Reached skill level 8 in Poison Magic
  8783 | D:6      | Reached skill level 9 in Poison Magic
  8787 | D:6      | Reached skill level 5 in Fighting
  8889 | D:6      | Learned a level 4 spell: Olgreb's Toxic Radiance
  8903 | D:6      | Reached XP level 9. HP: 54/61 MP: 8/15
  9864 | D:7      | Noticed Maggie
  9961 | D:7      | Blown up by Maggie

Illustrated notes

Levels and vault maps discovered:
D:1:      wander_arrival_chamber, layout_loops_corners
D:2:      layout_rooms
D:3:      minmay_door_path, layout_basic, grunt_qazlal_sundering
D:4:      layout_rooms, minmay_temple_entry_gardened_gates, first_ration,
          serial_shops, nicolae_shop_trees
D:5:      gammafunk_wand_slinger, layout_loops_ring, lemuel_crystal_altar,
          uniq_crazy_yiuf_cottage, uniq_sigmund
D:6:      layout_basic
D:7:      layout_loops_cross, serial_co_window_serial, co_window_cross_1,
          co_window_corner_a, co_window_paths_b, co_window_paths_b,
          co_window_paths_b, co_window_corner_cb, co_window_broadway_a,
          co_window_broadway_b, co_window_broadway_b, co_window_broadway_b,
          co_window_4corner_b, co_window_paths_d, glass_columns_b,
          glass_columns_b, glass_columns_a, glass_columns_b, uniq_maggie
Temple:   minmay_crystal_snake_temple

Skill      XL: |  1  2  3  4  5  6  7  8  9 |
---------------+----------------------------+-----
Fighting       | 1 2 3 5 |  5.7
Poison Magic   | 4 5 6 9 |  9.2
Air Magic      | 1 2 |  2.0
Transmutations | 2 |  2.0
Conjurations   | 1 2 3 |  3.0
Spellcasting   | 3 4 |  4.6
Fire Magic     | 1 2 |  2.0
Dodging        | 3 |  3.7
Stealth        | |  2.6

Action                   |  1- 3 |  4- 6 |  7- 9 || total
-------------------------+-------+-------+-------++-------
Melee: Dagger            |     4 |     6 |       ||    10
       Whip              |       |    10 |    48 ||    58
       Constrict         |       |     3 |     9 ||    12
       Tentacles         |       |     3 |     5 ||     8
 Cast: Sting             |    41 |    86 |    52 ||   179
       Poisonous Vapours |    17 |    42 |    52 ||   111
       Mephitic Cloud    |       |       |    12 ||    12
       Magic Dart        |       |       |    35 ||    35
       Ignite Poison     |       |       |     9 ||     9
       Olgreb's Toxic Ra |       |       |     4 ||     4
  Use: Scroll            |       |     6 |       ||     6
 Stab: Sleeping          |       |       |     2 ||     2
  Eat: Chunk             |     5 |    14 |    18 ||    37
Armor: Skin              |     2 |     1 |     3 ||     6
Dodge: Dodged            |    24 |    48 |    96 ||   168
